 Dungeon Crawl Stone Soup version 0.31-a0-152-g6aa68a64a1 (webtiles) character file.

Game seed: 4292185328250672803

303 qw the Shooter (level 6, 0/38 HPs)
             Began as a Gargoyle Hunter on June 10, 2023.
             Slain by an ogre
             ... wielding a +0 giant club
              (27 damage)
             ... on level 4 of the Dungeon.
             The game lasted 00:01:10 (2900 turns).

qw the Shooter (Gargoyle Hunter)                    Turns: 2900, Time: 00:01:11

Health: 0/38       AC: 10    Str: 21    XL:     6   Next: 38%
Magic:  5/6        EV: 11    Int:  9    God:
Gold:   54         SH:  0    Dex: 15    Spells: 5/5 levels left

rFire   . . .        Y - +2 shortbow
rCold   . . .        (shield currently unavailable)
rNeg    + . .        g - +0 ring mail
rPois   inf          (no helmet)
rElec   +            (no cloak)
rCorr   +            d - +0 pair of gloves
SInv    .            (no boots)
Will    .....        (no amulet)
Stlth   +            e - ring of resist corrosion
HPRegen 0.26/turn    a - +6 ring of strength
MPRegen 0.10/turn

%: no passive effects
@: no status effects
A: sickness immunity, AC +4, negative energy resistance 1, electricity
resistance, torment resistance 1, petrification resistance
a: no special abilities


You were on level 4 of the Dungeon.
You visited 1 branch of the dungeon, and saw 4 of its levels.

You collected 159 gold pieces.
You spent 105 gold pieces at shops.


Innate Abilities, Weirdness & Mutations

You are immune to sickness and miasma.
Your stone body is resilient. (AC +4)
You are immune to poison.
You resist negative energy. (rN+)
You are resistant to electric shocks. (rElec)
You are resistant to unholy torment.
You are immune to petrification.


   Skills:
 - Level 4.0 Fighting
 + Level 6.6 Ranged Weapons
 - Level 1.3 Armour
 - Level 1.5 Dodging
 - Level 1.1 Stealth


You had 5 spell levels left.
You didn't know any spells.
Your spell library was empty.

Inventory:

Hand Weapons
 Y - a +2 shortbow (weapon)
Armour
 d - a +0 pair of gloves (worn)
 g - a +0 ring mail (worn)
Jewellery
 a - a +6 ring of strength (right hand)
 e - a ring of resist corrosion (left hand)
Scrolls
 b - a scroll of identify
 k - 3 scrolls of teleportation
Potions
 c - a potion of haste
 f - a potion of resistance {unknown}
 h - a potion of might
 i - a potion of ambrosia {unknown}
 j - a potion of brilliance {unknown}
 l - a potion of curing {unknown}
 m - a potion of heal wounds
 n - a potion of enlightenment {unknown}

Dungeon Overview and Level Annotations

Branches:
Dungeon (4/15)             Temple (0/1) D:4

Altars:
Fedhas
Gozag
Qazlal

Shops:
D:3 :?


Message History

Ijyb is moderately wounded.
Ijyb misses you.
You shoot an arrow. The arrow hits Ijyb!
Ijyb is severely wounded.
Ijyb closely misses you.
You shoot an arrow. The arrow hits Ijyb but does no damage.
Ijyb is severely wounded.
Ijyb hits you but does no damage.
You shoot an arrow. The arrow hits Ijyb.
Ijyb is almost dead.
Ijyb hits you with a +1 antimagic dagger.
You shoot an arrow. The arrow hits Ijyb but does no damage.
Ijyb is almost dead.
Ijyb closely misses you.
You shoot an arrow. The arrow hits Ijyb but does no damage.
Ijyb is almost dead.
An ogre comes into view. It is wielding a +0 giant club.
Ijyb completely misses you. Ijyb hits you but does no damage.
You shoot an arrow. The arrow hits Ijyb but does no damage.
Ijyb is almost dead.
Ijyb hits you with a +1 antimagic dagger.
You feel your power leaking away.
You shoot an arrow. The arrow hits Ijyb.
Ijyb is almost dead.
Ijyb completely misses you.
You shoot an arrow. The arrow hits Ijyb but does no damage.
Ijyb is almost dead.
Ijyb hits you with a +1 antimagic dagger.
You shoot an arrow. The arrow hits Ijyb.
You kill Ijyb!
You shoot an arrow. The arrow hits the ogre.
The ogre is lightly wounded.
The ogre hits you with a +0 giant club!
You shoot an arrow. The arrow hits the ogre.
The ogre is lightly wounded.
You shoot an arrow. The arrow hits the ogre.
The ogre is moderately wounded.
The ogre hits you with a +0 giant club!!
Ouch! That really hurt!
You die...

##........#~.~
..#.8...8.#........#~.~
.#.......#........#~.~ ....
...._............#~..
...... .......#####...##.~~
....... 8...8 #.. #...##%..
.......## ...
##...#...>.###
........###O###....#......#
......(....@....#8.8#.....#
................8...8...<.#
................8.>.8....##
#..............8...8'#####
#.)....##+######888#.....#
#......'.......#.........#
#......#.......#.........#
#......#.......#.........#
#......#.......#.........#


You could see an ogre.

Vanquished Creatures
  A howler monkey (D:4)
  A hound (D:4)
  A sleepcap (D:4)
  Ijyb (D:4)
  An orc wizard (D:4)
  6 adders
  A gnoll (D:3)
  3 dart slugs
  4 orcs
  7 bats
  5 endoplasms
  10 giant cockroaches
  4 goblins
  10 hobgoblins
  4 jackals (D:3)
  5 quokkas
  4 ball pythons
  A frilled lizard (D:3)
  5 kobolds
  8 rats
82 creatures vanquished.

Notes
Turn   | Place    | Note
-------+----------+-------------------------------------------
     0 | D:1      | qw the Gargoyle Hunter began the quest for the Orb.
     0 | D:1      | Reached XP level 1. HP: 12/12 MP: 1/1
     0 | D:1      | 0 ||| qw: Version: 0.2-a-29-gd901d54
     0 | D:1      | 0 ||| qw: Game counter: 4008
     0 | D:1      | 0 ||| qw: Always use a shield: true
     0 | D:1      | 0 ||| qw: God list: Okawaru
     0 | D:1      | 0 ||| qw: Allow faded altars: false
     0 | D:1      | 0 ||| qw: Do Orc after D:15 true
     0 | D:1      | 0 ||| qw: Do second Lair branch before Depths: true
     0 | D:1      | 0 ||| qw: Lair rune preference: random
     0 | D:1      | 0 ||| qw: Plans: Normal, Zot:1-4, Slime:5, God:TSO, Crypt,
                  | Tomb, Abyss, Pan, Hells, Win
     0 | D:1      | 0 ||| PLANNING D:1-11
    43 | D:1      | Found a faded altar of an unknown god.
   136 | D:1      | Reached XP level 2. HP: 17/17 MP: 2/2
   698 | D:1      | Reached XP level 3. HP: 21/21 MP: 3/3
   768 | D:1      | 768 ||| UPGRADING to +0 pair of gloves.
   773 | D:1      | 773 ||| UPGRADING to ring of resist corrosion.
   774 | D:1      | 774 ||| READING scroll labelled QUXZAHAYPO.
   779 | D:1      | 779 ||| READING scroll labelled WIRIKH VOTZILE.
   780 | D:1      | 780 ||| READING scroll labelled TEMNE BASERPHYBB.
   781 | D:1      | 781 ||| DROPPING scroll of butterflies.
   854 | D:2      | Reached skill level 5 in Ranged Weapons
   959 | D:2      | Found a stormy altar of Qazlal.
  1333 | D:2      | Reached skill level 3 in Fighting
  1348 | D:2      | Reached XP level 4. HP: 28/28 MP: 4/4
  1748 | D:2      | 1748 ||| UPGRADING to +0 ring mail.
  1758 | D:2      | 1758 ||| DROPPING +0 leather armour.
  1759 | D:2      | 1759 ||| UPGRADING to +6 ring of strength.
  1760 | D:2      | 1760 ||| READING 3 scrolls labelled OBAOJU NOEKH.
  1761 | D:2      | 1761 ||| READING scroll labelled YTWYUX LIVVI.
  1762 | D:2      | 1762 ||| READING scroll labelled DUCYOF LUICRE.
  1763 | D:2      | 1763 ||| DROPPING 2 scrolls of vulnerability.
  1884 | D:3      | 1884 ||| FLEEEEING.
  1887 | D:3      | 1887 ||| FLEEEEING.
  1888 | D:3      | 1888 ||| FLEEEEING.
  1889 | D:3      | 1889 ||| FLEEEEING.
  1890 | D:3      | 1890 ||| FLEEEEING.
  1891 | D:3      | 1891 ||| FLEEEEING.
  1895 | D:3      | 1895 ||| FLEEEEING.
  1897 | D:3      | 1897 ||| FLEEEEING.
  1899 | D:3      | 1899 ||| FLEEEEING.
  1902 | D:3      | 1902 ||| FLEEEEING.
  1903 | D:3      | 1903 ||| FLEEEEING.
  1904 | D:3      | 1904 ||| FLEEEEING.
  1905 | D:3      | 1905 ||| FLEEEEING.
  1961 | D:3      | Found The Oracle's Delphic Readings.
  1965 | D:3      | 1965 ||| BUYING scroll of enchant weapon (105 gold).
  1965 | D:3      | Bought a scroll of enchant weapon for 105 gold pieces
  1965 | D:3      | 1965 ||| SHOPLISTING scroll of identify (28 gold, have 3).
  1965 | D:3      | 1965 ||| SHOPLISTING scroll of teleportation (42 gold, have
                  | 3).
  1965 | D:3      | 1965 ||| READING scroll of enchant weapon.
  1965 | D:3      | 1965 ||| ENCHANTING +0 shortbow.
  2038 | D:3      | Reached skill level 1 in Armour
  2060 | D:3      | Reached XP level 5. HP: 32/32 MP: 5/5
  2159 | D:3      | Identified the +7 spear of Cossiugg {freeze, rN++ Str+5
                  | Stlth-}
  2185 | D:3      | 2185 ||| READING scroll of enchant weapon.
  2185 | D:3      | 2185 ||| ENCHANTING +1 shortbow.
  2522 | D:3      | Found Jithuiss's Book Emporium.
  2646 | D:3      | 2646 ||| DROPPING ring of wizardry.
  2705 | D:4      | Reached skill level 6 in Ranged Weapons
  2750 | D:4      | Found a blossoming altar of Fedhas.
  2813 | D:4      | Found a staircase to the Ecumenical Temple.
  2814 | D:4      | 2814 ||| PLANNING TEMPLE
  2861 | D:4      | Reached XP level 6. HP: 38/38 MP: 6/6
  2881 | D:4      | Found an opulent altar of Gozag.
  2882 | D:4      | Noticed Ijyb
  2883 | D:4      | 2883 ||| DRINKING 2 golden potions.
  2884 | D:4      | 2884 ||| READING 2 scrolls of identify.
  2884 | D:4      | 2884 ||| IDENTIFYING black potion
  2897 | D:4      | Killed Ijyb
  2900 | D:4      | Slain by an ogre

Levels and vault maps discovered:
D:1:      sevenhm_arrival_forest_fort_small_5, layout_loops_ring,
          basic_ecumenical_altar, kennysheep_small_spiral
D:2:      minmay_angry_zag, layout_basic, basic_altar, serial_co_window_serial,
          co_window_paths_b, co_window_paths_a, co_window_paths_a,
          co_window_paths_a, co_window_corner_a, co_window_corner_b,
          co_window_corner_b, co_window_paths_c, co_window_broadway_c,
          co_window_paths_c, co_window_4corner_b, glass_columns_b
D:3:      minmay_door_path, layout_loops_ring, serial_shops, shop,
          grunt_decor_arrowhead, nicolae_nh_oracle_at_delphi
D:4:      layout_gridville, elyvilon_altar_4, grunt_gozag_statues,
          mainiacjoe_overflow_paths, minmay_temple_entry_statues, st_stairs_10,
          uniq_ijyb

Skill      XL: |  1  2  3  4  5 |
---------------+----------------+-----
Ranged Weapons | 5 6 |  6.6
Fighting       | 3 4 |  4.0
Armour         | 1 |  1.3
Dodging        | |  1.5
Stealth        | |  1.1

Action                     |  1- 3 |  4- 6 || total
---------------------------+-------+-------++-------
   Fire: Shortbow          |    82 |   181 ||   263
    Use: Scroll            |     3 |     6 ||     9
         Potion            |       |     1 ||     1
 Armour: Leather armour    |    11 |    17 ||    28
         Ring mail         |       |    38 ||    38
  Dodge: Dodged            |    18 |    53 ||    71

Table legend:
 A = Non-vault XP
 B = Vault XP
 C = Vault XP percentage of total XP
 D = Non-vault monster count
 E = Vault monster count
 F = Vault count percentage of total count
                 A         B        C        D         E       F
            +---------+---------+-------+---------+---------+-------
      Total |     351 |      82 |  18.9 |      68 |      14 |  17.1
            +---------+---------+-------+---------+---------+-------
        D:1 |      35 |       0 |   0.0 |      18 |       0 |   0.0
        D:2 |      69 |      13 |  15.9 |      19 |       7 |  26.9
        D:3 |      67 |      33 |  33.0 |      23 |       6 |  20.7
        D:4 |     180 |      36 |  16.7 |       8 |       1 |  11.1
            +---------+---------+-------+---------+---------+-------
